 Dungeon Crawl Stone Soup version 0.29-a0-1009-g60c99734e7 (webtiles) character file.

Game seed: 4287326148103314219

8 snetch the Chopper (level 2, 0/27 HPs)
             Began as a Minotaur Berserker on Aug 8, 2022.
             Was a Follower of Trog.
             Succumbed to a goblin's poison
             ... on level 2 of the Dungeon.
             The game lasted 00:00:31 (298 turns).

snetch the Chopper (Minotaur Berserker)              Turns: 298, Time: 00:00:32

Health: 0/27       AC:  2    Str: 21    XL:     2   Next: 0%
Magic:  1/1        EV: 12    Int:  4    God:    Trog [*.....]
Gold:   11         SH:  0    Dex:  9    Spells: 1/1 levels left

rFire   . . .      SeeInvis .   a - +0 hand axe
rCold   . . .      Faith    .   (no shield)
rNeg    . . .      Spirit   .   b - +0 animal skin
rPois   .          Reflect  .   (helmet restricted)
rElec   .          Harm     .   (no cloak)
rCorr   .          Rampage  .   (no gloves)
Will    .....                   (no boots)
Stlth   +.........              (no amulet)
HPRegen 0.09/turn               (no ring)
MPRegen 0.07/turn               (no ring)

@: lethally poisoned (0 -> -5), on berserk cooldown, slowed, very slow
A: horns 2, retaliatory headbutt
a: Renounce Religion, Berserk


You were on level 2 of the Dungeon.
You worshipped Trog.
Trog was aware of your devotion.
You visited 1 branch of the dungeon, and saw 2 of its levels.

You collected 11 gold pieces.

Inventory:

Hand Weapons
 a - a +0 hand axe (weapon)
Armour
 b - a +0 animal skin (worn)
Jewellery
 c - an amulet of reflection
Scrolls
 d - a scroll of torment {unknown}


   Skills:
 + Level 3.8 Fighting
 + Level 4.0 Axes
 + Level 2.7 Armour
 + Level 2.2 Dodging


You had one spell level left.
You didn't know any spells.
Your spell library was empty.

Dungeon Overview and Level Annotations

Branches:
Dungeon (2/15)

Altars:


Innate Abilities, Weirdness & Mutations

You have a pair of horns on your head.
You reflexively headbutt those who attack you in melee.


Message History

You are poisoned.
You hit the goblin but do no damage.
You feel very sick.
The goblin hits you with a +4 dagger of venom.
You are lethally poisoned!
You slash the goblin!
You kill the goblin!
Trog accepts your kill.
You feel very sick.
* * * LOW HITPOINT WARNING * * *
You feel very sick.
The kobold shouts!
Things that are here:
a +4 dagger of venom; a goblin corpse A red film seems to cover your vision as you go berserk!
You feel yourself moving faster!
You feel mighty!
* * * LOW HITPOINT WARNING * * *
You feel sick.
You closely miss the kobold.
* * * LOW HITPOINT WARNING * * *
You feel sick.
You slash the kobold!
You kill the kobold!
Trog accepts your kill.
* * * LOW HITPOINT WARNING * * *
You feel sick.
Your Axes skill increases to level 4!
You have reached level 2!
You are too berserk!
Found a scroll labelled JISTOIMERI.
* * * LOW HITPOINT WARNING * * *
You feel sick.
Found a cloak.
You feel a strong urge to attack something.
* * * LOW HITPOINT WARNING * * *
You feel sick.
You are no longer berserk.
You are exhausted.
You feel yourself slow down.
You die...

#.#####.... #.# .... ...
..... ..#
................
#.###.......#........
#...........#.#.#..###
............#.#...!..
............#.#....#
.####.......#.#$...####.
................@.......
.######+#....[........[.
.# #.#...#........... .#
#.#..##)#?...####.
.######.#..##)#......?
...........##.........#
.#####..#..##..........
..!....................
.#####.##..##..........


There were no monsters in sight!

Vanquished Creatures
  An endoplasm (D:2)
  2 goblins (D:2)
  A kobold (D:2)
  4 frilled lizards (D:2)
8 creatures vanquished.

Notes
Turn   | Place    | Note
-------+----------+-------------------------------------------
     0 | D:1      | snetch the Minotaur Berserker began the quest for the Orb.
     0 | D:1      | Reached XP level 1. HP: 19/19 MP: 0/0
    44 | D:2      | Found a faded altar of an unknown god.
   296 | D:2      | Reached skill level 4 in Axes
   296 | D:2      | Reached XP level 2. HP: 2/27 MP: 1/1
   296 | D:2      | HP: 1/40 [poisoned by a goblin]
   298 | D:2      | Succumbed to a goblin's poison

Illustrated notes

Levels and vault maps discovered:
D:1:      heliophobic_arrival_glass_houses, layout_basic, serial_shops,
          nicolae_shop_advertising_works [nicolae_subvault_shop_adworks]
D:2:      layout_basic, hellmonk_ecumenical_altar_crossroads,
          uniq_crazy_yiuf_cottage

Skill      XL: |  1 |
---------------+----+-----
Axes           | 4 |  4.0
Fighting       | |  3.8
Armour         | |  2.7
Dodging        | |  2.2

Action                   || total
-------------------------++-------
Melee: Hand axe          ||    18
       Headbutt          ||     1
Invok: Berserk           ||     1
Dodge: Dodged            ||     6

Table legend: (Time is in decaauts)
 A = Elapsed time spent in this place.
 B = Non-inter-level travel time spent in this place.
 C = Inter-level travel time spent in this place.
 D = Time resting spent in this place.
 E = Time spent auto-exploring this place.
 F = Levels seen in this place.
 G = Mean time per level.
                   A        B        C        D        E       F      G
               +--------+--------+--------+--------+--------+-----+--------+
         Total |    298 |    298 |      0 |      0 |    244 |   2 |  149.0 |
       Dungeon |    298 |    298 |      0 |      0 |    244 |   2 |  149.0 |
               +--------+--------+--------+--------+--------+-----+--------+

Top non-repeatable levels by time:
     D:2: 256 daAuts
     D:1: 42 daAuts
